Workbook

Sheet ПРИЛОЖЕНИЕ № 3 (расх)
A1: Приложение № 3 к решению Собрания представителей Среднеканского городского округа "О внесении изменений в решение Собрания представителей Среднеканского городского округа «О бюджете муниципального образования «Среднеканский городской округ» на 2020 год и плановый период 2021 и 2022 годов» от_______________№_______
A3: Приложение № 4
A4: к решению Собрания представителей
A5: Среднеканского городского округа
B6: от 28.12.2019 г. № 46
A9: РАСПРЕДЕЛЕНИЕ РАСХОДОВ
A10: БЮДЖЕТА МУНИЦИПАЛЬНОГО ОБРАЗОВАНИЯ "СРЕДНЕКАНСКИЙ ГОРОДСКОЙ ОКРУГ"
A11: ПО РАЗДЕЛАМ И ПОДРАЗДЕЛАМ КЛАССИФИКАЦИИ РАСХОДОВ НА 2020 ГОД
D12: (тыс. руб.)
A13: Наименование показателя | D13: Сумма
B14: раздел | C14: подраздел
A15: 1 | B15: 2 | C15: 3 | D15: 4
A16: ВСЕГО РАСХОДОВ: | D16: 585060.94
A17: ОБЩЕГОСУДАРСТВЕННЫЕ ВОПРОСЫ | B17: 01 | D17: 135313.52
A18: Функционирование высшего должностного лица субъекта Российской Федерации и муниципального образования | B18: 01 | C18: 02 | D18: 3865.95
A19: Функционирование законодательных (представительных) органов государственной власти и представительных органов муниципальных образований | B19: 01 | C19: 03 | D19: 1644.28
A20: Функционирование Правительства Российской Федерации, высших исполнительных органов государственной власти субъектов Российской Федерации, местных администраций | B20: 01 | C20: 04 | D20: 74737.385
A21: Обеспечение деятельности финансовых, налоговых и таможенных органов и органов финансового (финансово-бюджетного) надзора | B21: 01 | C21: 06 | D21: 9960.6451
A22: Обеспечение проведения выборов и референдумов | B22: 01 | C22: 07 | D22: 526.49
A23: Резервные фонды | B23: 01 | C23: 11 | D23: 87.8
A24: Другие общегосударственные вопросы | B24: 01 | C24: 13 | D24: 44490.97
A25: НАЦИОНАЛЬНАЯ ОБОРОНА | B25: 02 | D25: 534.8
A26: Мобилизационная и вневойсковая подготовка | B26: 02 | C26: 03 | D26: 534.8
A27: НАЦИОНАЛЬНАЯ БЕЗОПАСНОСТЬ И ПРАВООХРАНИТЕЛЬНАЯ ДЕЯТЕЛЬНОСТЬ | B27: 03 | D27: 5437.06
A28: Защита населения и территории от чрезвычайных ситуаций природного и техногенного характера, гражданская оборона | B28: 03 | C28: 09 | D28: 4953.77
A29: Другие вопросы в области национальной безопасности и правоохранительной деятельности | B29: 03 | C29: 14 | D29: 483.29
A30: НАЦИОНАЛЬНАЯ ЭКОНОМИКА | B30: 04 | D30: 17887.6
A31: Сельское хозяйство и рыболовство | B31: 04 | C31: 05 | D31: 284.8
A32: Водное хозяйство | B32: 04 | C32: 06 | D32: 6465.1
A33: Транспорт | B33: 04 | C33: 08 | D33: 2558.5
A34: Дорожное хозяйство (дорожные фонды) | B34: 04 | C34: 09 | D34: 7690
A35: Другие вопросы в области национальной экономики | B35: 04 | C35: 12 | D35: 889.2
A36: ЖИЛИЩНО-КОММУНАЛЬНОЕ ХОЗЯЙСТВО | B36: 05 | D36: 172704.17
A37: Жилищное хозяйство | B37: 05 | C37: 01 | D37: 26034.84
A38: Коммунальное хозяйство | B38: 05 | C38: 02 | D38: 123070.05
A39: Благоустройство | B39: 05 | C39: 03 | D39: 23599.28
A40: Другие вопросы в области жилищно-коммунального хозяйства | B40: 05 | C40: 05 | D40: 0
A41: ОХРАНА ОКРУЖАЮЩЕЙ СРЕДЫ | B41: 06 | D41: 599
A42: Другие вопросы в области охраны окружающей среды | B42: 06 | C42: 05 | D42: 599
A43: ОБРАЗОВАНИЕ | B43: 07 | D43: 190410.39
A44: Дошкольное образование | B44: 07 | C44: 01 | D44: 68235.2
A45: Общее образование | B45: 07 | C45: 02 | D45: 105736.65
A46: Дополнительное образование детей | B46: 07 | C46: 03 | D46: 12309.83
A47: Молодежная политика и оздоровление детей | B47: 07 | C47: 07 | D47: 2883.31
A48: Другие вопросы в области образования | B48: 07 | C48: 09 | D48: 1245.4
A49: КУЛЬТУРА И КИНЕМАТОГРАФИЯ | B49: 08 | D49: 28145.09
A50: Культура | B50: 08 | C50: 01 | D50: 28145.09
A51: СОЦИАЛЬНАЯ ПОЛИТИКА | B51: 10 | D51: 7298.69
A52: Пенсионное обеспечение | B52: 10 | C52: 01 | D52: 3562.79
A53: Другие вопросы в области социальной политики | B53: 10 | C53: 06 | D53: 3735.9
A54: ФИЗИЧЕСКАЯ КУЛЬТУРА И СПОРТ | B54: 11 | D54: 19876.61
A55: Физическая культура | B55: 11 | C55: 01 | D55: 18493.55
A56: Массовый спорт | B56: 11 | C56: 02 | D56: 1107.06
A57: Спорт высших достижений | B57: 11 | C57: 03 | D57: 276
A58: СРЕДСТВА МАССОВОЙ ИНФОРМАЦИИ | B58: 12 | D58: 6746.66
A59: Периодическая печать и издательства | B59: 12 | C59: 02 | D59: 6746.66
A60: ОБСЛУЖИВАНИЕ ГОСУДАРСТВЕННОГО И МУНИЦИПАЛЬНОГО ДОЛГА | B60: 13 | D60: 107.35
A61: Обслуживание государственного внутреннего и муниципального долга | B61: 13 | C61: 01 | D61: 107.35

Sheet ПРИЛОЖЕНИЕ №  4 (расх)
A1: Приложение № 4 к решению Собрания представителей Среднеканского городского округа "О внесении изменений в решение Собрания представителей Среднеканского городского округа «О бюджете муниципального образования «Среднеканский городской округ» на 2020 год и плановый период 2021 и 2022 годов» от_______________№______
G3: Приложение № 5
C4: к решению Собрания представителей
C5: Среднеканского городского округа
D6: от 28.12.2019 г. № 46
A8: РАСПРЕДЕЛЕНИЕ БЮДЖЕТНЫХ АССИГНОВАНИЙ
A9: ИЗ БЮДЖЕТА МУНИЦИПАЛЬНОГО ОБРАЗОВАНИЯ "СРЕДНЕКАНСКИЙ ГОРОДСКОЙ ОКРУГ"
A10: ПО РАЗДЕЛАМ И ПОДРАЗДЕЛАМ, ЦЕЛЕВЫМ СТАТЬЯМ, ПО ГРУППАМ, ПОДГРУППАМ ВИДОВ РАСХОДОВ
A11: КЛАССИФИКАЦИИ РАСХОДОВ БЮДЖЕТОВ НА 2020 ГОД
H12: (тыс. руб.)
A13: Наименование показателя | B13: К О Д Ы классификации расходов бюджетов | H13: Сумма | I13: Исполнено на 01.10.2012 г. | J13: % Исполнения
B14: глав-ный распо-ряди-тель* | C14: раздел | D14: подраздел | E14: целевая статья | G14: вид расхода
A15: 1 | B15: 2 | C15: 2 | D15: 3 | E15: 4 | G15: 5 | H15: 6 | I15: 7 | J15: 8
A16: ВСЕГО РАСХОДОВ: | H16: =H17+H226+H232+H289+H361+H521+H1024+H1152+H1179+H1224+H1245+H512 -> 585060.94 | I16: =#REF!+#REF!+#REF!+#REF!+#REF!+#REF!+#REF!+#REF!+#REF!+#REF!+#REF!+#REF!+#REF! -> #REF! | J16: =I16/H16 -> #REF!
A17: ОБЩЕГОСУДАРСТВЕННЫЕ ВОПРОСЫ | B17: 01 | C17: 01 | H17: =H18+H30+H45+H82+H119+H125+H109 -> 135313.52 | I17: 0 | J17: =I17/H17 -> 0
A18: Функционирование высшего должностного лица субъекта Российской Федерации и муниципального образования | B18: МО "Среднеканский район" | C18: 01 | D18: 02 | H18: =H19+H27 -> 3865.95
A19: Реализация муниципальной программы "Развитие муниципальной службы в муниципальном образовании «Среднеканский городской округ» на 2020 – 2022 годы" | C19: 01 | D19: 02 | E19: 03000 | F19: 00000 | H19: =H20 -> 3727.59
A20: Расходы на обеспечение деятельности органов местного самоуправления | C20: 01 | D20: 02 | E20: 03010 | F20: 00000 | H20: =H21 -> 3727.59
A21: Расходы на обеспечение деятельности высшего должностного лица муниципального образования | C21: 01 | D21: 02 | E21: 0301Г | F21: 00000 | H21: =H24+H22 -> 3727.59
A22: Прочие несоциальные выплаты персоналу в натуральной форме | C22: 01 | D22: 02 | E22: 0301Г | F22: 00214 | H22: =H23 -> 0
A23: Расходы на выплаты персоналу в целях обеспечения выполнения функций государственными (муниципальными) органами, казенными учреждениями, органами управления государственными внебюджетными фондами | C23: 01 | D23: 02 | E23: 0301Г | F23: 00214 | G23: 100 | H23: ='ПРИЛОЖЕНИЕ № 5 (расх)'!H21 -> 0
A24: Расходы на выплаты по оплате труда работников муниципальных органов | C24: 01 | D24: 02 | E24: 0301Г | F24: 00110 | H24: =H25 -> 3727.59
A25: Расходы на выплаты персоналу в целях обеспечения выполнения функций государственными (муниципальными) органами, казенными учреждениями, органами управления государственными внебюджетными фондами | C25: 01 | D25: 02 | E25: 0301Г | F25: 00110 | G25: 100 | H25: =H26 -> 3727.59
A26: Расходы на выплаты персоналу государственных (муниципальных) органов | C26: 01 | D26: 02 | E26: 0301Г | F26: 00110 | G26: 120 | H26: ='ПРИЛОЖЕНИЕ № 5 (расх)'!H24 -> 3727.59
A27: Расходы за достижение показателей деятельности органов исполнительной власти | C27: 01 | D27: 02 | E27: 0301Г | F27: 55491 | H27: =H28 -> 138.36
A28: Расходы на выплаты персоналу в целях обеспечения выполнения функций государственными (муниципальными) органами, казенными учреждениями, органами управления государственными внебюджетными фондами | C28: 01 | D28: 02 | E28: 0301Г | F28: 55941 | G28: 100 | H28: =H29 -> 138.36
A29: Расходы на выплаты персоналу государственных (муниципальных) органов | C29: 01 | D29: 02 | E29: 0301Г | F29: 55941 | G29: 120 | H29: ='ПРИЛОЖЕНИЕ № 5 (расх)'!G27:H27 -> 138.36
C30: 01 | D30: 03 | H30: =H31 -> 1644.28
A31: Реализация муниципальной программы "Развитие муниципальной службы в муниципальном образовании «Среднеканский городской округ» на 2020 – 2022 годы" | C31: 01 | D31: 03 | E31: 03000 | F31: 00000 | H31: =H32+H42 -> 1644.28
A32: Расходы на обеспечение деятельности органов местного самоуправления | C32: 01 | D32: 03 | E32: 03010 | F32: 00000 | H32: =H33 -> 1491.52
A33: Обеспечение деятельности представительного органа | C33: 01 | D33: 03 | E33: 0301Д | F33: 00000 | H33: =H34+H37 -> 1491.52
A34: Расходы на выплаты по оплате труда работников муниципальных органов | C34: 01 | D34: 03 | E34: 0301Д | F34: 00110 | H34: =H35 -> 1359.7
A35: Расходы на выплаты персоналу в целях обеспечения выполнения функций государственными (муниципальными) органами, казенными учреждениями, органами управления государственными внебюджетными фондами | C35: 01 | D35: 03 | E35: 0301Д | F35: 00110 | G35: 100 | H35: =H36 -> 1359.7
A36: Расходы на выплаты персоналу государственных (муниципальных) органов | C36: 01 | D36: 03 | E36: 0301Д | F36: 00110 | G36: 120 | H36: ='ПРИЛОЖЕНИЕ № 5 (расх)'!H1234 -> 1359.7
A37: Расходы на обеспечение функций органов местного самоуправления | C37: 01 | D37: 03 | E37: 0301Д | F37: 00190 | H37: =H38+H40 -> 131.82
A38: Закупка товаров, работ и услуг для обеспечения государственных (муниципальных) нужд | C38: 01 | D38: 03 | E38: 0301Д | F38: 00190 | G38: 200 | H38: =H39 -> 130.82
A39: Иные закупки товаров, работ и услуг для обеспечения государственных (муниципальных) нужд | C39: 01 | D39: 03 | E39: 0301Д | F39: 00190 | G39: 240 | H39: ='ПРИЛОЖЕНИЕ № 5 (расх)'!H1237 -> 130.82
A40: Иные бюджетные ассигнования | C40: 01 | D40: 03 | E40: 0301Д | F40: 00190 | G40: 800 | H40: =H41 -> 1
A41: Уплата налогов, сборов и иных платежей | C41: 01 | D41: 03 | E41: 0301Д | F41: 00190 | G41: 850 | H41: ='ПРИЛОЖЕНИЕ № 5 (расх)'!H1239 -> 1
A42: Расходы за достижение показателей деятельности органов исполнительной власти | C42: 01 | D42: 03 | E42: 0301Д | F42: 55491 | H42: =H43 -> 152.76
A43: Расходы на выплаты персоналу в целях обеспечения выполнения функций государственными (муниципальными) органами, казенными учреждениями, органами управления государственными внебюджетными фондами | C43: 01 | D43: 03 | E43: 0301Д | F43: 55941 | G43: 100 | H43: =H44 -> 152.76
A44: Расходы на выплаты персоналу государственных (муниципальных) органов | C44: 01 | D44: 03 | E44: 0301Д | F44: 55941 | G44: 120 | H44: ='ПРИЛОЖЕНИЕ № 5 (расх)'!H1242 -> 152.76
A45: Функционирование Правительства Российской Федерации, высших исполнительных органов государственной власти субъектов Российской Федерации, местных администраций | C45: 01 | D45: 04 | H45: =H46 -> 74737.385
A46: Реализация муниципальной программы "Развитие муниципальной службы в муниципальном образовании «Среднеканский городской округ» на 2020 – 2022 годы" | C46: 01 | D46: 04 | E46: 03000 | F46: 00000 | H46: =H47+H65+H72 -> 74737.385
A47: Расходы на обеспечение деятельности органов местного самоуправления | C47: 01 | D47: 04 | E47: 03010 | F47: 00000 | H47: =H48+H51+H59+H56+H62 -> 57511.175
A48: Расходы на выплаты по оплате труда работников муниципальных органов | C48: 01 | D48: 04 | E48: 03010 | F48: 00110 | H48: =H49 -> 51276.53
A49: Расходы на выплаты персоналу в целях обеспечения выполнения функций государственными (муниципальными) органами, казенными учреждениями, органами управления государственными внебюджетными фондами | C49: 01 | D49: 04 | E49: 03010 | F49: 00110 | G49: 100 | H49: =H50 -> 51276.53
A50: Расходы на выплаты персоналу государственных (муниципальных) органов | C50: 01 | D50: 04 | E50: 03010 | F50: 00110 | G50: 120 | H50: ='ПРИЛОЖЕНИЕ № 5 (расх)'!H33 -> 51276.53
A51: Расходы на обеспечение функций органов местного самоуправления | C51: 01 | D51: 04 | E51: 03010 | F51: 00190 | H51: =H52+H54 -> 1718.6
A52: Закупка товаров, работ и услуг для обеспечения государственных (муниципальных) нужд | C52: 01 | D52: 04 | E52: 03010 | F52: 00190 | G52: 200 | H52: =H53 -> 1541.99
A53: Иные закупки товаров, работ и услуг для обеспечения государственных (муниципальных) нужд | C53: 01 | D53: 04 | E53: 03010 | F53: 00190 | G53: 240 | H53: ='ПРИЛОЖЕНИЕ № 5 (расх)'!H36 -> 1541.99
A54: Иные бюджетные ассигнования | C54: 01 | D54: 04 | E54: 03010 | F54: 00190 | G54: 800 | H54: =H55 -> 176.61
A55: Уплата налогов, сборов и иных платежей | C55: 01 | D55: 04 | E55: 03010 | F55: 00190 | G55: 850 | H55: ='ПРИЛОЖЕНИЕ № 5 (расх)'!H38 -> 176.61
A56: Прочие несоциальные выплаты персоналу в натуральной форме | C56: 01 | D56: 04 | E56: 03010 | F56: 00214 | H56: =H57 -> 469.22
A57: Расходы на выплаты персоналу в целях обеспечения выполнения функций государственными (муниципальными) органами, казенными учреждениями, органами управления государственными внебюджетными фондами | C57: 01 | D57: 04 | E57: 03010 | F57: 00214 | G57: 100 | H57: =H58 -> 469.22
A58: Расходы на выплаты персоналу государственных (муниципальных) органов | C58: 01 | D58: 04 | E58: 03010 | F58: 00214 | G58: 120 | H58: ='ПРИЛОЖЕНИЕ № 5 (расх)'!H41 -> 469.22
A59: Коммунальные услуги | C59: 01 | D59: 04 | E59: 03010 | F59: 00223 | H59: =H60 -> 2661.72
A60: Закупка товаров, работ и услуг для обеспечения государственных (муниципальных) нужд | C60: 01 | D60: 04 | E60: 03010 | F60: 00223 | G60: 200 | H60: =H61 -> 2661.72
A61: Иные закупки товаров, работ и услуг для обеспечения государственных (муниципальных) нужд | C61: 01 | D61: 04 | E61: 03010 | F61: 00223 | G61: 240 | H61: ='ПРИЛОЖЕНИЕ № 5 (расх)'!H44 -> 2661.72
A62: Расходы за достижение показателей деятельности органов исполнительной власти | C62: 01 | D62: 04 | E62: 03010 | F62: 55491 | H62: =H63 -> 1385.1049
A63: Расходы на выплаты персоналу в целях обеспечения выполнения функций государственными (муниципальными) органами, казенными учреждениями, органами управления государственными внебюджетными фондами | C63: 01 | D63: 04 | E63: 03010 | F63: 55941 | G63: 100 | H63: =H64 -> 1385.1049
A64: Расходы на выплаты персоналу государственных (муниципальных) органов | C64: 01 | D64: 04 | E64: 03010 | F64: 55941 | G64: 120 | H64: ='ПРИЛОЖЕНИЕ № 5 (расх)'!H47 -> 1385.1049
A65: Расходы на обеспечение деятельности органов местного самоуправления по государственной регистрации актов гражданского состояния | C65: 01 | D65: 04 | E65: 03013 | F65: 00000 | H65: =H66+H69 -> 1007.34
A66: Расходы на выплаты по оплате труда работников муниципальных органов | C66: 01 | D66: 04 | E66: 03013 | F66: 00110 | H66: =H67 -> 994.84
A67: Расходы на выплаты персоналу в целях обеспечения выполнения функций государственными (муниципальными) органами, казенными учреждениями, органами управления государственными внебюджетными фондами | C67: 01 | D67: 04 | E67: 03013 | F67: 00110 | G67: 100 | H67: =H68 -> 994.84
A68: Расходы на выплаты персоналу государственных (муниципальных) органов | C68: 01 | D68: 04 | E68: 03013 | F68: 00110 | G68: 120 | H68: ='ПРИЛОЖЕНИЕ № 5 (расх)'!H51 -> 994.84
A69: Расходы на обеспечение функций органов местного самоуправления | C69: 01 | D69: 04 | E69: 03013 | F69: 00190 | H69: =H70 -> 12.5
A70: Закупка товаров, работ и услуг для обеспечения государственных (муниципальных) нужд | C70: 01 | D70: 04 | E70: 03013 | F70: 00190 | G70: 200 | H70: =H71 -> 12.5
A71: Иные закупки товаров, работ и услуг для обеспечения государственных (муниципальных) нужд | C71: 01 | D71: 04 | E71: 03013 | F71: 00190 | G71: 240 | H71: ='ПРИЛОЖЕНИЕ № 5 (расх)'!H54 -> 12.5
A72: Техническое обеспечение деятельности органов местного самоуправления | C72: 01 | D72: 04 | E72: 0301У | F72: 00000 | H72: =H73+H76+H79 -> 16218.87
A73: Расходы на выплаты по оплате труда работников муниципальных органов | C73: 01 | D73: 04 | E73: 0301У | F73: 00110 | H73: =H74 -> 14578.58
A74: Расходы на выплаты персоналу в целях обеспечения выполнения функций государственными (муниципальными) органами, казенными учреждениями, органами управления государственными внебюджетными фондами | C74: 01 | D74: 04 | E74: 0301У | F74: 00110 | G74: 100 | H74: =H75 -> 14578.58
A75: Расходы на выплаты персоналу государственных (муниципальных) органов | C75: 01 | D75: 04 | E75: 0301У | F75: 00110 | G75: 120 | H75: ='ПРИЛОЖЕНИЕ № 5 (расх)'!H58 -> 14578.58
A76: Расходы на обеспечение функций органов местного самоуправления | C76: 01 | D76: 04 | E76: 0301У | F76: 00190 | H76: =H77 -> 1491.39
A77: Закупка товаров, работ и услуг для обеспечения государственных (муниципальных) нужд | C77: 01 | D77: 04 | E77: 0301У | F77: 00190 | G77: 200 | H77: =H78 -> 1491.39
A78: Иные закупки товаров, работ и услуг для обеспечения государственных (муниципальных) нужд | C78: 01 | D78: 04 | E78: 0301У | F78: 00190 | G78: 240 | H78: ='ПРИЛОЖЕНИЕ № 5 (расх)'!H61 -> 1491.39
A79: Прочие несоциальные выплаты персоналу в натуральной форме | C79: 01 | D79: 04 | E79: 0301У | F79: 00214 | H79: =H80 -> 148.9
A80: Расходы на выплаты персоналу в целях обеспечения выполнения функций государственными (муниципальными) органами, казенными учреждениями, органами управления государственными внебюджетными фондами | C80: 01 | D80: 04 | E80: 0301У | F80: 00214 | G80: 100 | H80: =H81 -> 148.9
A81: Расходы на выплаты персоналу государственных (муниципальных) органов | C81: 01 | D81: 04 | E81: 0301У | F81: 00214 | G81: 120 | H81: ='ПРИЛОЖЕНИЕ № 5 (расх)'!H64 -> 148.9
A82: Обеспечение деятельности финансовых, налоговых и таможенных органов и органов финансового (финансово-бюджетного) надзора | C82: 01 | D82: 06 | H82: =H83+H106 -> 9960.6451
A83: Реализация муниципальной программы "Развитие муниципальной службы в муниципальном образовании «Среднеканский городской округ» на 2020 – 2022 годы" | C83: 01 | D83: 06 | E83: 03000 | F83: 00000 | H83: =H84 -> 9636.87
A84: Расходы на обеспечение деятельности органов местного самоуправления | C84: 01 | D84: 06 | E84: 03010 | F84: 00000 | H84: =H85+H92 -> 9636.87
A85: Обеспечение деятельности контрольно-счетной палаты | C85: 01 | D85: 06 | E85: 0301С | F85: 00000 | H85: =H86+H89 -> 0
A86: Расходы на выплаты по оплате труда работников муниципальных органов | C86: 01 | D86: 06 | E86: 0301С | F86: 00110 | H86: =H87 -> 0
A87: Расходы на выплаты персоналу в целях обеспечения выполнения функций государственными (муниципальными) органами, казенными учреждениями, органами управления государственными внебюджетными фондами | C87: 01 | D87: 06 | E87: 0301С | F87: 00110 | G87: 100 | H87: =H88 -> 0
A88: Расходы на выплаты персоналу государственных (муниципальных) органов | C88: 01 | D88: 06 | E88: 0301С | F88: 00110 | G88: 120 | H88: ='ПРИЛОЖЕНИЕ № 5 (расх)'!H71 -> 0
A89: Расходы на обеспечение функций органов местного самоуправления | C89: 01 | D89: 06 | E89: 0301С | F89: 00190 | H89: =H90 -> 0
A90: Закупка товаров, работ и услуг для обеспечения государственных (муниципальных) нужд | C90: 01 | D90: 06 | E90: 0301С | F90: 00190 | G90: 200 | H90: =H91 -> 0
A91: Иные закупки товаров, работ и услуг для обеспечения государственных (муниципальных) нужд | C91: 01 | D91: 06 | E91: 0301С | F91: 00190 | G91: 240 | H91: ='ПРИЛОЖЕНИЕ № 5 (расх)'!H74 -> 0
A92: Обеспечение деятельности финансового органа | C92: 01 | D92: 06 | E92: 0301Ф | F92: 00000 | H92: =H93+H96+H103 -> 9636.87
A93: Расходы на выплаты по оплате труда работников муниципальных органов | C93: 01 | D93: 06 | E93: 0301Ф | F93: 00110 | H93: =H94 -> 8697.36
A94: Расходы на выплаты персоналу в целях обеспечения выполнения функций государственными (муниципальными) органами, казенными учреждениями, органами управления государственными внебюджетными фондами | C94: 01 | D94: 06 | E94: 0301Ф | F94: 00110 | G94: 100 | H94: =H95 -> 8697.36
A95: Расходы на выплаты персоналу государственных (муниципальных) органов | C95: 01 | D95: 06 | E95: 0301Ф | F95: 00110 | G95: 120 | H95: ='ПРИЛОЖЕНИЕ № 5 (расх)'!H1251 -> 8697.36
A96: Расходы на обеспечение функций органов местного самоуправления | C96: 01 | D96: 06 | E96: 0301Ф | F96: 00190 | H96: =H97+H101+H99 -> 811.81
A97: Закупка товаров, работ и услуг для обеспечения государственных (муниципальных) нужд | C97: 01 | D97: 06 | E97: 0301Ф | F97: 00190 | G97: 200 | H97: =H98 -> 765.2
A98: Иные закупки товаров, работ и услуг для обеспечения государственных (муниципальных) нужд | C98: 01 | D98: 06 | E98: 0301Ф | F98: 00190 | G98: 240 | H98: ='ПРИЛОЖЕНИЕ № 5 (расх)'!H1254 -> 765.2
A99: Социальное обеспечение и иные выплаты населению | C99: 01 | D99: 06 | E99: 0301Ф | F99: 10000 | G99: 300 | H99: =H100 -> 41.4
A100: Социальные выплаты гражданам, кроме публичных нормативных социальных выплат | C100: 01 | D100: 06 | E100: 0301Ф | F100: 10000 | G100: 320 | H100: ='ПРИЛОЖЕНИЕ № 5 (расх)'!H1256 -> 41.4
A101: Иные бюджетные ассигнования | C101: 01 | D101: 06 | E101: 0301Ф | F101: 00190 | G101: 800 | H101: =H102 -> 5.21
A102: Уплата налогов, сборов и иных платежей | C102: 01 | D102: 06 | E102: 0301Ф | F102: 00190 | G102: 850 | H102: ='ПРИЛОЖЕНИЕ № 5 (расх)'!H1258 -> 5.21
...

Sheet ПРИЛОЖЕНИЕ № 5 (расх)
A1: Приложение № 5 к решению Собрания представителей Среднеканского городского округа "О внесении изменений в решение Собрания представителей Среднеканского городского округа «О бюджете муниципального образования «Среднеканский городской округ» на 2020 год и плановый период 2021 и 2022 годов» от_______________№______
B3: Приложение № 6
B4: к решению Собрания представителей
B5: Среднеканского городского округа
B6: от 28.12.2019 г. № 46
A7: ВЕДОМСТВЕННАЯ СТРУКТУРА РАСХОДОВ БЮДЖЕТА
A8: МУНИЦИПАЛЬНОГО ОБРАЗОВАНИЯ "СРЕДНЕКАНСКИЙ ГОРОДСКОЙ ОКРУГ" НА 2020ГОД
H9: (тыс. руб.) | J9: тыс.рублей
A10: Наименование показателя | B10: К О Д Ы классификации расходов бюджетов | H10: Сумма | I10: Исполнено на 01.10.2012 г. | J10: % Исполнения
B11: главный распорядитель | C11: раздел | D11: подраздел | E11: целевая статья | G11: вид расхода
A12: 1 | B12: 2 | C12: 3 | D12: 4 | E12: 5 | G12: 6 | H12: 7 | I12: 7 | J12: 7
A13: ВСЕГО РАСХОДОВ: | H13: 585060.94 | I13: #REF! | J13: #REF!
A14: Администрация Среднеканского городского округа | B14: 701 | H14: 573229.15
A15: ОБЩЕГОСУДАРСТВЕННЫЕ ВОПРОСЫ | B15: 701 | C15: 01 | H15: 123708.59
A16: Функционирование высшего должностного лица субъекта Российской Федерации и муниципального образования | B16: 701 | C16: 01 | D16: 02 | H16: 3865.95
A17: Реализация муниципальной программы "Развитие муниципальной службы в муниципальном образовании «Среднеканский городской округ» на 2020 – 2022 годы" | B17: 701 | C17: 01 | D17: 02 | E17: 03000 | F17: 00000 | H17: 3727.59
A18: Расходы на обеспечение деятельности органов местного самоуправления | B18: 701 | C18: 01 | D18: 02 | E18: 03010 | F18: 00000 | H18: 3727.59
A19: Расходы на обеспечение деятельности высшего должностного лица муниципального образования | B19: 701 | C19: 01 | D19: 02 | E19: 0301Г | F19: 00000 | H19: 3727.59
A20: Прочие несоциальные выплаты персоналу в натуральной форме | B20: 701 | C20: 01 | D20: 02 | E20: 0301Г | F20: 00214 | H20: 0
A21: Расходы на выплаты персоналу в целях обеспечения выполнения функций государственными (муниципальными) органами, казенными учреждениями, органами управления государственными внебюджетными фондами | B21: 701 | C21: 01 | D21: 02 | E21: 0301Г | F21: 00214 | G21: 100 | H21: 0
A22: Расходы на выплаты по оплате труда работников муниципальных органов | B22: 701 | C22: 01 | D22: 02 | E22: 0301Г | F22: 00110 | H22: 3727.59
A23: Расходы на выплаты персоналу в целях обеспечения выполнения функций государственными (муниципальными) органами, казенными учреждениями, органами управления государственными внебюджетными фондами | B23: 701 | C23: 01 | D23: 02 | E23: 0301Г | F23: 00110 | G23: 100 | H23: 3727.59
A24: Расходы на выплаты персоналу государственных (муниципальных) органов | B24: 701 | C24: 01 | D24: 02 | E24: 0301Г | F24: 00110 | G24: 120 | H24: 3727.59
A25: Расходы за достижение показателей деятельности органов исполнительной власти | B25: 701 | C25: 01 | D25: 02 | E25: 0301Г | F25: 55491 | H25: 138.36
A26: Расходы на выплаты персоналу в целях обеспечения выполнения функций государственными (муниципальными) органами, казенными учреждениями, органами управления государственными внебюджетными фондами | B26: 701 | C26: 01 | D26: 02 | E26: 0301Г | F26: 55941 | G26: 100 | H26: 138.36
A27: Расходы на выплаты персоналу государственных (муниципальных) органов | B27: 701 | C27: 01 | D27: 02 | E27: 0301Г | F27: 55941 | G27: 120 | H27: 138.36
A28: Функционирование Правительства Российской Федерации, высших исполнительных органов государственной власти субъектов Российской Федерации, местных администраций | B28: 701 | C28: 01 | D28: 04 | H28: 74737.385 | I28: #REF! | J28: #REF!
A29: Реализация муниципальной программы "Развитие муниципальной службы в муниципальном образовании «Среднеканский городской округ» на 2020 – 2022 годы" | B29: 701 | C29: 01 | D29: 04 | E29: 03000 | F29: 00000 | H29: 74737.385
A30: Расходы на обеспечение деятельности органов местного самоуправления | B30: 701 | C30: 01 | D30: 04 | E30: 03010 | F30: 00000 | H30: 56126.07 | I30: #REF! | J30: #REF!
A31: Расходы на выплаты по оплате труда работников муниципальных органов | B31: 701 | C31: 01 | D31: 04 | E31: 03010 | F31: 00110 | H31: 51276.53
A32: Расходы на выплаты персоналу в целях обеспечения выполнения функций государственными (муниципальными) органами, казенными учреждениями, органами управления государственными внебюджетными фондами | B32: 701 | C32: 01 | D32: 04 | E32: 03010 | F32: 00110 | G32: 100 | H32: 51276.53
A33: Расходы на выплаты персоналу государственных (муниципальных) органов | B33: 701 | C33: 01 | D33: 04 | E33: 03010 | F33: 00110 | G33: 120 | H33: 51276.53
A34: Расходы на обеспечение функций органов местного самоуправления | B34: 701 | C34: 01 | D34: 04 | E34: 03010 | F34: 00190 | H34: 1718.6
A35: Закупка товаров, работ и услуг для обеспечения государственных (муниципальных) нужд | B35: 701 | C35: 01 | D35: 04 | E35: 03010 | F35: 00190 | G35: 200 | H35: 1541.99
A36: Иные закупки товаров, работ и услуг для обеспечения государственных (муниципальных) нужд | B36: 701 | C36: 01 | D36: 04 | E36: 03010 | F36: 00190 | G36: 240 | H36: 1541.99
A37: Иные бюджетные ассигнования | B37: 701 | C37: 01 | D37: 04 | E37: 03010 | F37: 00190 | G37: 800 | H37: 176.61
A38: Уплата налогов, сборов и иных платежей | B38: 701 | C38: 01 | D38: 04 | E38: 03010 | F38: 00190 | G38: 850 | H38: 176.61
A39: Прочие несоциальные выплаты персоналу в натуральной форме | B39: 701 | C39: 01 | D39: 04 | E39: 03010 | F39: 00214 | H39: 469.22
A40: Расходы на выплаты персоналу в целях обеспечения выполнения функций государственными (муниципальными) органами, казенными учреждениями, органами управления государственными внебюджетными фондами | B40: 701 | C40: 01 | D40: 04 | E40: 03010 | F40: 00214 | G40: 100 | H40: 469.22
A41: Расходы на выплаты персоналу государственных (муниципальных) органов | B41: 701 | C41: 01 | D41: 04 | E41: 03010 | F41: 00214 | G41: 120 | H41: 469.22
A42: Коммунальные услуги | B42: 701 | C42: 01 | D42: 04 | E42: 03010 | F42: 00223 | H42: 2661.72
A43: Закупка товаров, работ и услуг для обеспечения государственных (муниципальных) нужд | B43: 701 | C43: 01 | D43: 04 | E43: 03010 | F43: 00223 | G43: 200 | H43: 2661.72
A44: Иные закупки товаров, работ и услуг для обеспечения государственных (муниципальных) нужд | B44: 701 | C44: 01 | D44: 04 | E44: 03010 | F44: 00223 | G44: 240 | H44: 2661.72
A45: Расходы за достижение показателей деятельности органов исполнительной власти | B45: 701 | C45: 01 | D45: 04 | E45: 03010 | F45: 55491 | H45: 1385.1049
A46: Расходы на выплаты персоналу в целях обеспечения выполнения функций государственными (муниципальными) органами, казенными учреждениями, органами управления государственными внебюджетными фондами | B46: 701 | C46: 01 | D46: 04 | E46: 03010 | F46: 55941 | G46: 100 | H46: 1385.1049
A47: Расходы на выплаты персоналу государственных (муниципальных) органов | B47: 701 | C47: 01 | D47: 04 | E47: 03010 | F47: 55941 | G47: 120 | H47: 1385.1049
A48: Расходы на обеспечение деятельности органов местного самоуправления по государственной регистрации актов гражданского состояния | B48: 701 | C48: 01 | D48: 04 | E48: 03013 | F48: 00000 | H48: 1007.34
A49: Расходы на выплаты по оплате труда работников муниципальных органов | B49: 701 | C49: 01 | D49: 04 | E49: 03013 | F49: 00110 | H49: 994.84
A50: Расходы на выплаты персоналу в целях обеспечения выполнения функций государственными (муниципальными) органами, казенными учреждениями, органами управления государственными внебюджетными фондами | B50: 701 | C50: 01 | D50: 04 | E50: 03013 | F50: 00110 | G50: 100 | H50: 994.84
A51: Расходы на выплаты персоналу государственных (муниципальных) органов | B51: 701 | C51: 01 | D51: 04 | E51: 03013 | F51: 00110 | G51: 120 | H51: 994.84
A52: Расходы на обеспечение функций органов местного самоуправления | B52: 701 | C52: 01 | D52: 04 | E52: 03013 | F52: 00190 | H52: 12.5
A53: Закупка товаров, работ и услуг для обеспечения государственных (муниципальных) нужд | B53: 701 | C53: 01 | D53: 04 | E53: 03013 | F53: 00190 | G53: 200 | H53: 12.5
A54: Иные закупки товаров, работ и услуг для обеспечения государственных (муниципальных) нужд | B54: 701 | C54: 01 | D54: 04 | E54: 03013 | F54: 00190 | G54: 240 | H54: 12.5
A55: Техническое обеспечение деятельности органов местного самоуправления | B55: 701 | C55: 01 | D55: 04 | E55: 0301У | F55: 00000 | H55: 16218.87
A56: Расходы на выплаты по оплате труда работников муниципальных органов | B56: 701 | C56: 01 | D56: 04 | E56: 0301У | F56: 00110 | H56: 14578.58
A57: Расходы на выплаты персоналу в целях обеспечения выполнения функций государственными (муниципальными) органами, казенными учреждениями, органами управления государственными внебюджетными фондами | B57: 701 | C57: 01 | D57: 04 | E57: 0301У | F57: 00110 | G57: 100 | H57: 14578.58
A58: Расходы на выплаты персоналу государственных (муниципальных) органов | B58: 701 | C58: 01 | D58: 04 | E58: 0301У | F58: 00110 | G58: 120 | H58: 14578.58
A59: Расходы на обеспечение функций органов местного самоуправления | B59: 701 | C59: 01 | D59: 04 | E59: 0301У | F59: 00190 | H59: 1491.39
A60: Закупка товаров, работ и услуг для обеспечения государственных (муниципальных) нужд | B60: 701 | C60: 01 | D60: 04 | E60: 0301У | F60: 00190 | G60: 200 | H60: 1491.39
A61: Иные закупки товаров, работ и услуг для обеспечения государственных (муниципальных) нужд | B61: 701 | C61: 01 | D61: 04 | E61: 0301У | F61: 00190 | G61: 240 | H61: 1491.39
A62: Прочие несоциальные выплаты персоналу в натуральной форме | B62: 701 | C62: 01 | D62: 04 | E62: 0301У | F62: 00214 | H62: 148.9
A63: Расходы на выплаты персоналу в целях обеспечения выполнения функций государственными (муниципальными) органами, казенными учреждениями, органами управления государственными внебюджетными фондами | B63: 701 | C63: 01 | D63: 04 | E63: 0301У | F63: 00214 | G63: 100 | H63: 148.9
A64: Расходы на выплаты персоналу государственных (муниципальных) органов | B64: 701 | C64: 01 | D64: 04 | E64: 0301У | F64: 00214 | G64: 120 | H64: 148.9
A65: Обеспечение деятельности финансовых, налоговых и таможенных органов и органов финансового (финансово-бюджетного) надзора | B65: 701 | C65: 01 | D65: 06 | H65: 0
A66: Реализация муниципальной программы "Развитие муниципальной службы в муниципальном образовании «Среднеканский городской округ» на 2020 – 2022 годы" | B66: 701 | C66: 01 | D66: 06 | E66: 03000 | F66: 00000 | H66: 0
A67: Расходы на обеспечение деятельности органов местного самоуправления | B67: 701 | C67: 01 | D67: 06 | E67: 03010 | F67: 00000 | H67: 0
A68: Обеспечение деятельности контрольно-счетной палаты | B68: 701 | C68: 01 | D68: 06 | E68: 0301С | F68: 00000 | H68: 0
A69: Расходы на выплаты по оплате труда работников муниципальных органов | B69: 701 | C69: 01 | D69: 06 | E69: 0301С | F69: 00110 | H69: 0
A70: Расходы на выплаты персоналу в целях обеспечения выполнения функций государственными (муниципальными) органами, казенными учреждениями, органами управления государственными внебюджетными фондами | B70: 701 | C70: 01 | D70: 06 | E70: 0301С | F70: 00110 | G70: 100 | H70: 0
A71: Расходы на выплаты персоналу государственных (муниципальных) органов | B71: 701 | C71: 01 | D71: 06 | E71: 0301С | F71: 00110 | G71: 120 | H71: 0
A72: Расходы на обеспечение функций органов местного самоуправления | B72: 701 | C72: 01 | D72: 06 | E72: 0301С | F72: 00190 | H72: 0
A73: Закупка товаров, работ и услуг для обеспечения государственных (муниципальных) нужд | B73: 701 | C73: 01 | D73: 06 | E73: 0301С | F73: 00190 | G73: 200 | H73: 0
A74: Иные закупки товаров, работ и услуг для обеспечения государственных (муниципальных) нужд | B74: 701 | C74: 01 | D74: 06 | E74: 0301С | F74: 00190 | G74: 240 | H74: 0
A75: Обеспечение проведения выборов и референдумов | B75: 701 | C75: 01 | D75: 07 | H75: 526.49
A76: Непрограммные мероприятия | B76: 701 | C76: 01 | D76: 07 | E76: 71000 | F76: 00000 | H76: 226.49
A77: Проведения выборов и референдумов | B77: 701 | C77: 01 | D77: 07 | E77: 71В00 | F77: 00000 | H77: 226.49
A78: Прочие расходы | B78: 701 | C78: 01 | D78: 07 | E78: 71В00 | F78: 20000 | H78: 226.49
A79: Иные бюджетные ассигнования | B79: 701 | C79: 01 | D79: 07 | E79: 71В00 | F79: 20000 | G79: 800 | H79: 226.49
A80: Специальные расходы | B80: 701 | C80: 01 | D80: 07 | E80: 71В00 | F80: 20000 | G80: 880 | H80: 226.49
A81: Проведение общероссийского голосования по вопросу одобрения изменений в Конституцию Российской Федерации | B81: 701 | C81: 01 | D81: 07 | E81: 71ВК0 | F81: 00000 | H81: 300
A82: Прочие расходы | B82: 701 | C82: 01 | D82: 07 | E82: 71ВК0 | F82: 20000 | H82: 300
A83: Закупка товаров, работ и услуг для обеспечения государственных (муниципальных) нужд | B83: 701 | C83: 01 | D83: 07 | E83: 71ВК0 | F83: 20000 | G83: 200 | H83: 300
A84: Иные закупки товаров, работ и услуг для обеспечения государственных (муниципальных) нужд | B84: 701 | C84: 01 | D84: 07 | E84: 71ВК0 | F84: 20000 | G84: 240 | H84: 300
A85: Резервные фонды | B85: 701 | C85: 01 | D85: 11 | H85: 87.8 | I85: #REF! | J85: #REF!
A86: Непрограммные мероприятия | B86: 701 | C86: 01 | D86: 11 | E86: 71000 | F86: 00000 | H86: 87.8
A87: Резервные фонды | B87: 701 | C87: 01 | D87: 11 | E87: 71Р00 | F87: 00000 | H87: 87.8
A88: Резервные фонды местных администраций | B88: 701 | C88: 01 | D88: 11 | E88: 71Р00 | F88: 00290 | H88: 87.8
A89: Иные бюджетные ассигнования | B89: 701 | C89: 01 | D89: 11 | E89: 71Р00 | F89: 00290 | G89: 800 | H89: 87.8
A90: Резервные средства | B90: 701 | C90: 01 | D90: 11 | E90: 71Р00 | F90: 00290 | G90: 870 | H90: 87.8 | I90: #REF! | J90: #REF!
A91: Другие общегосударственные вопросы | B91: 701 | C91: 01 | D91: 13 | H91: 44490.97 | I91: #REF! | J91: #REF!
A92: Реализация муниципальной программы "Развитие муниципальной службы в муниципальном образовании «Среднеканский городской округ» на 2020 – 2022 годы" | B92: 701 | C92: 01 | D92: 13 | E92: 03000 | F92: 00000 | H92: 2092.78
A93: Расходы на обеспечение деятельности органов местного самоуправления | B93: 701 | C93: 01 | D93: 13 | E93: 03010 | F93: 00000 | H93: 1551.7
A94: Расходы на составление (изменение) списков кандидатов в присяжные заседатели федеральных судов общей юрисдикции в Российской Федерации | B94: 701 | C94: 01 | D94: 13 | E94: 03010 | F94: 51200 | H94: 0
A95: Закупка товаров, работ и услуг для обеспечения государственных (муниципальных) нужд | B95: 701 | C95: 01 | D95: 13 | E95: 03010 | F95: 51200 | G95: 200 | H95: 0
A96: Иные закупки товаров, работ и услуг для обеспечения государственных (муниципальных) нужд | B96: 701 | C96: 01 | D96: 13 | E96: 03010 | F96: 51200 | G96: 240 | H96: 0
A97: Расходы по государственной регистрации актов гражданского состояния | B97: 701 | C97: 01 | D97: 13 | E97: 03010 | F97: 59300 | H97: 465.9
A98: Расходы на выплаты персоналу в целях обеспечения выполнения функций государственными (муниципальными) органами, казенными учреждениями, органами управления государственными внебюджетными фондами | B98: 701 | C98: 01 | D98: 13 | E98: 03010 | F98: 59300 | G98: 100 | H98: 465.9
A99: Расходы на выплаты персоналу государственных (муниципальных) органов | B99: 701 | C99: 01 | D99: 13 | E99: 03010 | F99: 59300 | G99: 120 | H99: 465.9
A100: Расходы на осуществление государственных полномочий по созданию и организации деятельности административных комиссий | B100: 701 | C100: 01 | D100: 13 | E100: 03010 | F100: 74030 | H100: 1085.8
A101: Расходы на выплаты персоналу в целях обеспечения выполнения функций государственными (муниципальными) органами, казенными учреждениями, органами управления государственными внебюджетными фондами | B101: 701 | C101: 01 | D101: 13 | E101: 03010 | F101: 74030 | G101: 100 | H101: 1065.1
...
